 Dungeon Crawl Stone Soup version 0.21-a0-210-gbfa5647 (webtiles) character file.

114 tehllama the Insei (level 4, -1/29 HPs)
             Began as an Octopode Transmuter on Aug 21, 2017.
             Slain by an adder (4 damage)
             ... on level 2 of the Dungeon.
             The game lasted 00:02:09 (1834 turns).

tehllama the Insei (Octopode Transmuter)            Turns: 1834, Time: 00:02:11

Health: -1/29      AC:  1    Str: 10    XL:     4   Next: 97%
Magic:  7/7        EV: 13    Int: 15    God:
Gold:   94         SH:  0    Dex: 12    Spells: 6/7 levels left

rFire    . . .     SeeInvis .     - Unarmed
rCold    . . .     Gourm    .   (no shield)
rNeg     . . .     Faith    .   (helmet restricted)
rPois    .         Spirit   .   (no amulet)
rElec    .         Reflect  .   (no ring)
rCorr    .         Harm     .   (no ring)
MR       .....                  (no ring)
Stlth    ++++......             (no ring)
HPRegen  0.09/turn              (no ring)
MPRegen  0.10/turn              (no ring)
                                (no ring)
                                (no ring)

@: no status effects
A: almost no armour, stealthy swim, amphibious, 8 rings, constrict 8, camouflage
1, gelatinous body 1
a: no special abilities


You were on level 2 of the Dungeon.
You were not hungry.

You visited 1 branch of the dungeon, and saw 2 of its levels.

You collected 94 gold pieces.

Inventory:

Missiles
 a - 17 arrows
Scrolls
 i - a scroll of identify {unknown}
 j - a scroll of remove curse
Potions
 d - a potion of flight {unknown}
 e - 4 potions of curing
 f - a potion of cancellation {unknown}
 g - a potion of heal wounds {unknown}
Books
 b - a book of Changes

   Spells                             Type                      Level
   a - Beastly Appendage              Transmutation                1
   b - Sticks to Snakes               Transmutation                2
   c - Spider Form                    Transmutation/Poison         3
   d - Ice Form                       Ice/Transmutation            4
   e - Blade Hands                    Transmutation                5
Comestibles
 c - 2 bread rations
 h - a chunk of flesh


   Skills:
 + Level 1.9 Fighting
 - Level 2.0 Dodging
 + Level 2.3 Stealth
 * Level 4.8 Unarmed Combat
 - Level 2.0 Spellcasting
 - Level 2.0 Transmutations


You had 6 spell levels left.
You knew the following spells:

 Your Spells              Type           Power        Failure   Level  Hunger
a - Beastly Appendage     Tmut           #.....       10%         1    #......


Dungeon Overview and Level Annotations

Branches:
Dungeon (2/15)

Altars:
Okawaru


Innate Abilities, Weirdness & Mutations

You cannot wear most types of armour.
You are very stealthy in the water. (Stealth+)
You are amphibious.
You can wear up to eight rings at the same time.
You can use your tentacles to constrict eight enemies at once.
Your skin changes colour to match your surroundings (Stealth+).
Your rubbery body absorbs attacks. (AC +1, EV +1)


Message History

You miss the adder. Your grab misses the adder. Your squeeze misses the adder.
The adder is lightly wounded.
The adder barely misses you. The frilled lizard bites you.
* * * LOW HITPOINT WARNING * * *
The adder closely misses you.
You barely miss the adder. Your grab misses the adder.
The adder is lightly wounded.
The adder closely misses you.
You barely miss the adder. Your grab misses the adder.
The adder is lightly wounded.
The adder closely misses you. The frilled lizard bites you.
* * * LOW HITPOINT WARNING * * *
You miss the adder. Your grab misses the adder.
The adder is lightly wounded.
The adder bites you.
* * * LOW HITPOINT WARNING * * *
The frilled lizard bites you.
* * * LOW HITPOINT WARNING * * *
The adder bites you.
You die...

#....#.# ##.#.##
#.##...# #..## #.######
#...# ##.## ##..#
###...#########..#######
........(....†....≈..≈≈.
###...######≈....≈≈≈!.≈.
# ##.## #≈≈≈≈≈≈≈≈≈≈≈. #
#.# #.≈≈≈@≈≈≈≈≈≈≈ # #.#
#..≈≈Slr≈≈≈≈. #.#
#≈≈≈≈K†♣.≈≈≈≈ #.#
#..≈≈≈._♣≈≈≈≈ ####.#
#.≈≈≈≈...≈≈≈≈ .....
#≈.≈≈≈≈≈≈≈≈≈. .....
#..≈≈≈≈≈≈≈≈≈. ###..
...≈≈≈≈≈≈≈≈≈≈≈
##...≈....≈...≈


You could see an adder, a kobold, a frilled lizard and a rat.

Vanquished Creatures
  A worker ant zombie (D:2)
  2 adders (D:2)
  A gnoll (D:1)
  A howler monkey skeleton (D:2)
  A worm (D:2)
  2 dart slugs (D:2)
  2 leopard geckos (D:1)
  A bat skeleton (D:2)
  4 giant cockroaches
  4 hobgoblins
  4 jackals (D:1)
  5 kobolds
  3 quokkas (D:2)
  8 bats
  3 frilled lizards (D:2)
  7 goblins
  A jackal zombie (D:2)
  9 rats
59 creatures vanquished.

Notes
Turn   | Place    | Note
-------+----------+-------------------------------------------
     0 | D:1      | tehllama the Octopode Transmuter began the quest for the Orb.
     0 | D:1      | Reached XP level 1. HP: 13/13 MP: 3/3
   194 | D:1      | Reached XP level 2. HP: 12/18 MP: 5/5
   541 | D:1      | Reached skill level 4 in Unarmed Combat
   545 | D:1      | Reached XP level 3. HP: 16/23 MP: 6/6
   738 | D:1      | Reached skill level 1 in Stealth
   960 | D:2      | Reached XP level 4. HP: 19/28 MP: 7/7
  1585 | D:2      | Found an iron altar of Okawaru.
  1806 | D:2      | Found a faded altar of an unknown god.
  1834 | D:2      | Slain by an adder

Vault maps used:
D:1:      arrival_zaba_pyramid
D:2:      first_bread, chequers_ecumenical_altar_island, serial_undead,
          serial_undead_a, serial_undead_d, serial_undead_d, serial_undead_e,
          okawaru_gym_becter

Skill      XL: |  1  2  3  4 |
---------------+-------------+-----
Unarmed Combat | 4 |  4.8
Stealth        | 1 2 |  2.3
Fighting       | |  1.9
Dodging        | |  2.0
Spellcasting   | |  2.0
Transmutations | |  2.0

Action                   |  1- 3 |  4- 6 || total
-------------------------+-------+-------++-------
Melee: Unarmed           |    82 |    58 ||   140
       Constrict         |    27 |    13 ||    40
       Tentacles         |    15 |     7 ||    22
       Punch             |     2 |       ||     2
 Cast: Beastly Appendage |     3 |     1 ||     4
  Use: Scroll            |     2 |     1 ||     3
       Potion            |       |     1 ||     1
 Stab: Sleeping          |     6 |     6 ||    12
  Eat: Chunk             |       |     3 ||     3
Armor: Skin              |    16 |     4 ||    20
Dodge: Dodged            |    66 |    49 ||   115

Table legend:
 A = Spawn XP
 B = Non-spawn XP
 C = Spawn XP percentage of total XP
 D = Spawn monster count
 E = Non-spawn monster count
 F = Spawn count percentage of total count
 G = Total turns spent on level
                    A         B        C        D         E        F      G
               +---------+---------+-------+---------+---------+-------+---------
         Total |       9 |     154 |   5.5 |       7 |      52 |  11.9 |  1834
               +---------+---------+-------+---------+---------+-------+---------
           D:1 |       4 |      52 |   7.1 |       3 |      23 |  11.5 |   829
           D:2 |       5 |     102 |   4.7 |       4 |      29 |  12.1 |  1005
               +---------+---------+-------+---------+---------+-------+---------
